 Dungeon Crawl Stone Soup version 0.21.1-1-g345015fe64 (webtiles) character file.

67 Ivernyr the Magician (level 4, 35/35 HPs)
             Began as a Draconian Wizard on May 2, 2018.
             Quit the game on level 2 of the Dungeon on May 3, 2018.
             The game lasted 00:10:21 (2060 turns).

Ivernyr the Magician (Draconian Wizard)             Turns: 2060, Time: 00:10:21

Health: 35/35      AC:  5    Str: 10    XL:     4   Next: 0%
Magic:  9/9        EV: 12    Int: 19    God:
Gold:   38         SH:  0    Dex:  9    Spells: 1/10 levels left

rFire    . . .     SeeInvis .   (no weapon)
rCold    . . .     Gourm    .   (no shield)
rNeg     . . .     Faith    .   (armour unavailable)
rPois    .         Spirit   .   a - +0 hat
rElec    .         Reflect  .   (no cloak)
rCorr    .         Harm     .   (no gloves)
MR       .....                  (no boots)
Stlth    ++........             (no amulet)
HPRegen  0.11/turn              (no ring)
MPRegen  0.11/turn              (no ring)

@: no status effects
A: unfitting armour, cold-blooded, AC +5
a: no special abilities


You were on level 2 of the Dungeon.
You were not hungry.

You visited 1 branch of the dungeon, and saw 2 of its levels.

You collected 38 gold pieces.

Inventory:

Armour
 a - a +0 hat (worn)
Scrolls
 d - 2 scrolls of remove curse {unknown}
 f - a scroll of teleportation {unknown}
 g - 2 scrolls of random uselessness {unknown}
 j - a scroll of blinking {unknown}
Potions
 e - a potion of heal wounds {unknown}
 h - a potion of flight {unknown}
 i - a potion of degeneration {unknown}
Books
 b - a book of Minor Magic

   Spells                             Type                      Level
   a - Magic Dart                     Conjuration                  1
   b - Blink                          Translocation                2
   c - Call Imp                       Summoning                    2
   d - Slow                           Hexes                        2
   e - Conjure Flame                  Conjuration/Fire             3
   f - Mephitic Cloud                 Conjuration/Poison/Air       3
Comestibles
 c - 6 rations
 k - a chunk of flesh


   Skills:
 + Level 1.4 Fighting
 - Level 2.0 Dodging
 - Level 1.7 Stealth
 + Level 3.7 Spellcasting
 * Level 2.3 Conjurations
   Level 1.0 Summonings
 - Level 1.0 Translocations


You had one spell level left.
You knew the following spells:

 Your Spells              Type           Power        Failure   Level  Hunger
a - Magic Dart            Conj           ##..         5%          1    None
b - Blink                 Tloc           N/A          14%         2    ##.....
c - Conjure Flame         Conj/Fire      #.......     26%         3    ###....
d - Mephitic Cloud        Conj/Pois/Air  #.......     30%         3    ###....


Dungeon Overview and Level Annotations

Branches:
Dungeon (2/15)

Altars:


Innate Abilities, Weirdness & Mutations

Your plain brown scales are hard. (AC +5)
You cannot fit into any form of body armour.
You are cold-blooded and may be slowed by cold attacks.


Message History

Aiming: Magic Dart
Press: ? - help, Shift-Dir - straight line, f/p - hobgoblin
Aim: a hobgoblin, wielding a club (moderately wounded)
The magic dart hits the hobgoblin.
The hobgoblin is heavily wounded.
The hobgoblin completely misses you.
Casting: Magic Dart
Confirm with . or Enter, or press ? or * to list all spells.
Aiming: Magic Dart
Press: ? - help, Shift-Dir - straight line, f/p - hobgoblin
Aim: a hobgoblin, wielding a club (heavily wounded)
The magic dart hits the hobgoblin.
You kill the hobgoblin!
You have reached level 4!
You feel stronger.
You start resting.
Magic restored.
Quiver which item? (- for none, * to show all) (? for menu, Esc to quit)
Okay, then.
Are you sure you want to abandon this character and quit the game? (Confirm with "yes".)

#..#.# .....# .#
.......# .....# ##..
##......# .....###..#
#.......#
.....#....###.......#
.......#..†.........#
.....#......##......#
.....###....##...)..#
.....##.....# #@#
............# #.#
.....###....####.#
...#.# #.......#.##
..##.# #....##....##
.##..# #....###....#
....## #....# ###..#
.### #.#..# ####
..#### #.#..#


There were no monsters in sight!

Vanquished Creatures
  An adder (D:1)
  An ooze (D:2)
  2 worms
  A dart slug (D:2)
  5 bats
  7 giant cockroaches
  7 goblins
  5 hobgoblins
  7 kobolds (D:1)
  A ball python (D:2)
  2 frilled lizards (D:1)
  5 rats
44 creatures vanquished.

Notes
Turn   | Place    | Note
-------+----------+-------------------------------------------
     0 | D:1      | Ivernyr the Draconian Wizard began the quest for the Orb.
     0 | D:1      | Reached XP level 1. HP: 14/14 MP: 4/4
   295 | D:1      | Reached XP level 2. HP: 20/20 MP: 4/6
   299 | D:1      | Learned a level 2 spell: Blink
   878 | D:1      | Reached XP level 3. HP: 22/27 MP: 0/8
  1280 | D:2      | Reached skill level 1 in Fighting
  1520 | D:1      | Learned a level 3 spell: Conjure Flame
  1524 | D:1      | Learned a level 3 spell: Mephitic Cloud
  2017 | D:2      | Reached XP level 4. HP: 35/35 MP: 4/9
  2060 | D:2      | Quit the game

Skill      XL: |  1  2  3 |
---------------+----------+-----
Dodging        | 2 |  2.0
Fighting       | 1 |  1.4
Conjurations   | 2 |  2.3
Stealth        | |  1.7
Spellcasting   | |  3.7
Summonings     | |  1.0
Translocations | |  1.0

Action                   |  1- 3 |  4- 6 || total
-------------------------+-------+-------++-------
Melee: Unarmed           |    69 |       ||    69
       Tailslap          |     7 |       ||     7
 Cast: Magic Dart        |   127 |     1 ||   128
  Eat: Chunk             |     3 |       ||     3
Armor: Skin              |    27 |       ||    27
Dodge: Dodged            |    58 |       ||    58
